[Event "*** MasterClass Titled Tuesday Blitz"]
[Site "Chess.com"]
[Date "2017.12.12"]
[Round "8"]
[White "Winehouse83"]
[Black "Divertissement"]
[Result "0-1"]
[WhiteElo "2413"]
[BlackElo "2410"]
[TimeControl "180+2"]
[EndTime "14:53:17 PST"]
[Termination "Divertissement won by checkmate"]

1. d4 Nf6 2. c4 c5 3. d5 e6 4. Nc3 exd5 5. cxd5 d6 6. Nf3 g6 7. Bf4 a6 8. a4 Bg7 9. h3 O-O 10. e3 Qe7 11. Nd2 Nbd7 12. Nc4 Ne8 13. Be2 f5 14.
O-O Rb8 15. a5 h6 16. Bh2 g5 17. Re1 Ne5 18. Nxe5 Bxe5 19. f4 Bxc3 20. bxc3 Qxe3+ 21. Kh1 Qxc3 22. fxg5 hxg5 23. Bh5 Bd7 24. Re7 Rd8 25. Rb1 Qf6 26. Re6 Bxe6 27. dxe6 Ng7 28. Rxb7 Qxe6 29. Bf3 Qh6 30. Bd5+ Kh8 31. Bg3 Rde8 32.
Be1 g4 33. Bc3 Re5 34. Bxe5 dxe5 35. Qd3 gxh3 36. gxh3 e4 37. Qc3 e3 38. Kg2 Re8 39. Rb6 Qg5+ 40. Kf3 e2 41. Qe1 Qh5+ 42. Kg2 f4 43. Bf3 Qg5+ 44. Kh1 Re3 45. Rb8+ Ne8 46. Qa1+ Qg7 47. Qe1 Kg8 48. Bd5+ Kf8 49. Qh4 e1=Q+ 50. Qxe1 Rxe1+ 51. Kh2 Qg3# 0-1

[Event "*** MasterClass Titled Tuesday Blitz"]
[Site "Chess.com"]
[Date "2017.12.12"]
[Round "8"]
[White "BillCoe"]
[Black "AndrewDGreen"]
[Result "0-1"]
[WhiteElo "1894"]
[BlackElo "2078"]
[TimeControl "180+2"]
[EndTime "14:53:21 PST"]
[Termination "AndrewDGreen won by resignation"]

1. e4 Nf6 2. e5 Nd5 3. g3 d6 4. exd6 exd6 5. Bg2 Nb6 6. Nf3 Be7 7. O-O O-O 8. c3 Be6 9. d4 c6 10. b3 Qd7 11. Re1 Bf6 12. Bb2 Bh3 13. Bh1 Na6 14. Nbd2 Rae8 15. Ne4 Bd8 16. a3 f5 17. Ned2 f4 18.
Ne4 fxg3 19. hxg3 Bg4 20. Ned2 Qf5 21. Rxe8 Rxe8 22. Qb1 Qh5 23. Qd3 Bf5 24. Qf1 Nd5 25. c4 Nf6 26. Bg2 Ng4 27. Re1 Rf8 28. Qe2 Nc7 29. b4 Ne6 30. d5 cxd5 31. cxd5 Ng5 32.
Qb5 Nh3+ 33. Bxh3 Qxh3 34. Qf1 Qh5 35. Qb5 Bb6 36. Re2 Qg6 37. Qa4 Bd3 38. Re6 Bxf2+ 39. Kg2 Qh5 40. Qd1 Ne3+ 41. Kxf2 Nxd1+ 42. Kg2 Bg6 43. Re1 Nxb2 0-1

[Event "*** MasterClass Titled Tuesday Blitz"]
[Site "Chess.com"]
[Date "2017.12.12"]
[Round "8"]
[White "BartoszSocko"]
[Black "1stSecond"]
[Result "0-1"]
[WhiteElo "2519"]
[BlackElo "2489"]
[TimeControl "180+2"]
[EndTime "14:53:22 PST"]
[Termination "1stSecond won by resignation"]

1. e4 e5 2. Nf3 Nc6 3. Bb5 a6 4. Bxc6 dxc6 5. O-O Bg4 6. h3 h5 7. d3 Qf6 8. Be3 Ne7 9. Nbd2 Ng6 10. Re1 Bxf3 11.
Qxf3 Qxf3 12. Nxf3 f6 13. d4 exd4 14. Bxd4 Bd6 15.
e5 fxe5 16. Nxe5 Nxe5 17. Bxe5 Kf7 18. Bc3 Rhe8 19. Kf1 c5 20. Rad1 g6 21. Rd3 Rxe1+ 22. Kxe1 Re8+ 23. Kf1 Re6 24. Rf3+ Ke7 25. g4 hxg4 26.
hxg4 c4 27. Rh3 b5 28. Rh7+ Ke8 29. g5 Be7 30. f4 Re4 31. Bd2 Bd6 32. Kf2 b4 33.
Kf3 Re6 34. Be3 a5 35. Bd4 a4 36. Bf6 Re1 37. Rg7 Rf1+ 38. Ke2 Rxf4 39. Rxg6 Rg4 40. Kf3 Rf4+ 41. Ke3 Rg4 42. Rg7 Rg2 43. g6 Rxc2 44.
Rg8+ Kd7 45. g7 Rg2 46. Kf3 Rg6 47. Rf8 Ke6 48. Bd4 c5 49. Bf6 c3 50. bxc3 b3 51. axb3 axb3 52. c4 Bxf8 53. gxf8=Q Rxf6+ 54. Qxf6+ Kxf6 55. Ke3 b2 56. Kd2 0-1

[Event "*** MasterClass Titled Tuesday Blitz"]
[Site "Chess.com"]
[Date "2017.12.12"]
[Round "8"]
[White "Taron_Shagbazyan"]
[Black "SharkAnto55"]
[Result "1-0"]
[WhiteElo "2525"]
[BlackElo "2379"]
[TimeControl "180+2"]
[EndTime "14:53:43 PST"]
[Termination "Taron_Shagbazyan won by resignation"]

1. d4 d5 2. c4 c6 3. Nf3 Nf6 4. Nc3 dxc4 5. a4 Bf5 6. e3 e6 7.
Bxc4 Bb4 8. O-O Nbd7 9. Qe2 Bg6 10.
e4 O-O 11. e5 Nd5 12. Ne4 Rc8 13. Bg5 Qa5 14. Nfd2 h6 15. Nb3 Qc7 16. Bh4 N7b6 17. Rfc1 Nxc4 18. Rxc4 a5 19. h3 b6 20. Rac1 Qd7 21.
Kh2 Nf4 22. Qe3 Nd5 23. Qf3 b5 24. axb5 cxb5 25. Rxc8 Rxc8 26. Nbc5 Qe8 27. Nd6 Qc6 28. Nxc8 Qxc8 29. Nd3 Qd7 30. Nxb4 axb4 31. Ra1 Qb7 32. Qb3 Nf4 33. f3 Nd5 34. Be1 Qb6 35. Bf2 h5 36. Rc1 Bf5 37. g4 hxg4 38. hxg4 Bg6 39. Kg3 f6 40. Rc8+ Kf7 41. Qd1 Qb7 42. Qc1 b3 43. Qc5 Bc2 44. Rf8+ Kg6 45. exf6 gxf6 46. Rg8+ Kh7 47.
Qf8 Qc7+ 48. Kg2 Nf4+ 49. Kh1 Ng6 50. Qe8 Qf4 51. Kg2 Bd1 52. Qf7+ Kh6 1-0

[Event "*** MasterClass Titled Tuesday Blitz"]
[Site "Chess.com"]
[Date "2017.12.12"]
[Round "8"]
[White "ChristopherYoo"]
[Black "tteshan"]
[Result "1/2-1/2"]
[WhiteElo "2255"]
[BlackElo "2026"]
[TimeControl "180+2"]
[EndTime "14:53:49 PST"]
[Termination "Game drawn - insufficient material"]

1. e4 c5 2. Nf3 e6 3. d4 cxd4 4. Nxd4 a6 5. Nc3 Qc7 6. Be3 Bb4 7. Qd2 Nf6 8. f3 d5 9. a3 Bxc3 10. Qxc3 Qxc3+ 11. bxc3 dxe4 12. c4 exf3 13. gxf3 Nbd7 14.
Rb1 Ke7 15. Rg1 Rg8 16. a4 Ne8 17. a5 Nd6 18. Nb3 Ne5 19. Nd2 Nc6 20. Bc5 f5 21. Nb3 g6 22. Rd1 Rd8 23. Kf2 Ne5 24. Be2 Nf7 25. Rd2 Bd7 26. Rgd1 Bc6 27. Bb6 Re8 28. Bc7 Nc8 29. Nd4 Na7 30. Nxc6+ Nxc6 31. Rd7+ Kf6 32. Bb6 Rab8 33. f4 Re7 34. Bf3 Rxd7 35. Rxd7 e5 36. fxe5+ Ncxe5 37. Bd4 Kg5 38. Re7 Nxf3 39. Kxf3 Nd6 40.
Be5 Rd8 41. Bxd6 Rxd6 42. Rxh7 Rc6 43. h4+ Kf6 44. Rxb7 Rxc4 45. Rb6+ Ke5 46. Rxg6 Rxh4 47. Rxa6 Rc4 48. Rb6 Rxc2 49. a6 Rc3+ 50. Kf2 Ra3 51. Rb5+ Kf4 52. Rb4+ Kg5 53. Rb6 f4 54. Rb8 Rxa6 55.
Rg8+ Kf5 56. Rf8+ Ke4 57. Re8+ Kf5 58. Rf8+ Ke5 59. Re8+ Re6 60. Rxe6+ Kxe6 61. Kf3 Kf5 62. Kf2 Kg4 63. Kg2 f3+ 64. Kf2 Kf4 65. Kf1 Kg3 66. Kg1 Kf4 67. Kf2 Kg4 68. Kf1 Kf4 69. Kf2 Ke4 70.
Kf1 Ke3 71. Ke1 Kd4 72. Kf2 Ke4 73. Kf1 f2 74. Kxf2 1/2-1/2

[Event "*** MasterClass Titled Tuesday Blitz"]
[Site "Chess.com"]
[Date "2017.12.12"]
[Round "8"]
[White "Enzy63"]
[Black "Alex_Banzea"]
[Result "1-0"]
[WhiteElo "2110"]
[BlackElo "2212"]
[TimeControl "180+2"]
[EndTime "14:53:52 PST"]
[Termination "Enzy63 won on time"]

1. d4 Nf6 2. Nf3 e6 3. g3 d5 4. Bg2 Be7 5. O-O O-O 6. c4 dxc4 7. Qc2 a6 8. a4 Bd7 9. Qxc4 Bc6 10. Bg5 Nbd7 11.
Nc3 h6 12. Bxf6 Nxf6 13. Ne5 Bxg2 14. Kxg2 a5 15. Rfd1 c6 16. Qb3 Qc7 17. Rac1 Rfd8 18. e3 Nd5 19. Nd3 Ra6 20. Nc5 Rb6 21. Qc2 Rb4 22.
Nd3 Rb6 23. Nc5 Qb8 24. Qe2 Rb4 25. Ra1 Qa7 26. Nd3 Rb3 27. Qc2 Qb6 28. Rab1 Bg5 29.
Re1 Be7 30. Nc1 Rb4 31. Nd3 Rc4 32. Qd1 Qa6 33. Ne4 b6 34. b3 Nc3 35. Nxc3 Rxc3 36. Ne5 Bb4 37. Qf3 Qb7 38. Rec1 Rd5 39. Rxc3 Bxc3 40.
Rc1 f6 41. Nd3 Bd2 42. Rc2 Bb4 43. Nf4 Rd6 44. Qg4 Qf7 45. Qf3 g5 46. Nd3 e5 47.
Rxc6 Rxc6 48. Qxc6 Qxb3 49. Nxb4 axb4 50. Qe8+ Kg7 51.
Qe7+ Kg6 52. dxe5 fxe5 53. Qd6+ Kf5 54. Qd7+ Ke4 55. Qh7+ Kd5 56. Qf7+ Ke4 57. Qxb3 1-0

[Event "*** MasterClass Titled Tuesday Blitz"]
[Site "Chess.com"]
[Date "2017.12.12"]
[Round "8"]
[White "Bryakin_Mikhail"]
[Black "Big_Fishy"]
[Result "1-0"]
[WhiteElo "2540"]
[BlackElo "2367"]
[TimeControl "180+2"]
[EndTime "14:53:53 PST"]
[Termination "Bryakin_Mikhail won by resignation"]

1. b3 e5 2. Bb2 f6 3. Nf3 d5 4. e3 c5 5. Bb5+ Nc6 6. c4 d4 7. exd4 cxd4 8. d3 Bb4+ 9. Nbd2 Ne7 10.
O-O O-O 11. a3 Bd6 12. b4 a6 13. Ba4 Kh8 14. c5 Bc7 15. Bb3 Nd5 16. Ne4 Nf4 17. Bc1 Qe8 18. Bxf4 exf4 19. Re1 Qh5 20. Kh1 Bg4 21.
Ned2 Ne5 22. Bc2 Rae8 23. Kg1 Nxf3+ 24. Nxf3 Rxe1+ 25. Qxe1 Bxf3 26. gxf3 Re8 27. Qf1 Qxf3 28. Qg2 Qe2 29. Qxb7 Qxc2 30. Qxc7 Qxd3 31. Qxf4 Re5 32. h4 h6 33. c6 Qc3 34. Rd1 Qxc6 35. Qxd4 Re4 36.
Qd5 Qc2 37. h5 Rg4+ 38. Kf1 Rf4 39. Qd8+ Kh7 40. Qd3+ Qxd3+ 41. Rxd3 Rf5 42. Rh3 a5 43. Rh4 axb4 44. axb4 Rb5 45. Ke2 Kg8 46. Kd3 Kf7 47. Kc4 Rf5 48. b5 Rxf2 49. Kc5 Rc2+ 50. Rc4 Rb2 51.
Kc6 f5 52. b6 Kf6 53. b7 Kg5 54. Rc5 Rxb7 55. Kxb7 Kg4 56. Kc6 f4 57. Kd5 f3 58.
Rc7 Kxh5 59. Ke4 f2 60. Rf7 g5 61. Rxf2 Kg4 62. Rg2+ Kh3 63. Kf3 h5 64. Rxg5 h4 65.
Rh5 Kh2 66. Rxh4+ 1-0

[Event "*** MasterClass Titled Tuesday Blitz"]
[Site "Chess.com"]
[Date "2017.12.12"]
[Round "8"]
[White "Msb2"]
[Black "ST-Sandavagur"]
[Result "0-1"]
[WhiteElo "2649"]
[BlackElo "2518"]
[TimeControl "180+2"]
[EndTime "14:53:55 PST"]
[Termination "ST-Sandavagur won by resignation"]

1. d4 Nf6 2. c4 g6 3. Nc3 Bg7 4. e4 d6 5. h3 O-O 6. Be3 e5 7.
d5 a5 8. g4 Na6 9. Nge2 Nc5 10. Ng3 c6 11. Be2 cxd5 12. cxd5 Bd7 13. h4 Rb8 14. a4 Qc8 15. f3 h5 16. gxh5 Nxh5 17.
Nxh5 gxh5 18. Rg1 f5 19. Bh6 Rf7 20. Qd2 f4 21. Bxg7 Rxg7 22. Rxg7+ Kxg7 23. Kf2 Qd8 24.
Rg1+ Kh6 25. Rg5 Qb6 26. Kg2 Rf8 27. Bb5 Bc8 28. Qc2 Qd8 29. Kh2 Rg8 30. Rxg8 Qxg8 31. Qf2 Qg6 32. Ne2 Kg7 33. Qg2 Qxg2+ 34. Kxg2 Kf8 35.
Kf2 Ke7 36. Nc1 Bd7 37. Bxd7 Kxd7 38. Ke2 Nxa4 39. Nd3 b5 40. Kd2 Nb6 41. b3 Kc7 42. Kc3 b4+ 43. Kc2 Kb7 44. Nf2 Nc8 45. Kd3 Ka6 46.
Nh3 Kb5 47. Ng5 a4 48. bxa4+ Ka5 49. Kc2 Kxa4 50. Kb2 b3 51. Nf7 Kb4 52. Nd8 Kc4 53.
Nb7 Kd3 54. Kxb3 Ke3 55. Kc3 Kxf3 56. Kd3 Kg2 0-1

[Event "*** MasterClass Titled Tuesday Blitz"]
[Site "Chess.com"]
[Date "2017.12.12"]
[Round "8"]
[White "AkshatChandra"]
[Black "pedromartinez91"]
[Result "0-1"]
[WhiteElo "2695"]
[BlackElo "2229"]
[TimeControl "180+2"]
[EndTime "14:54:04 PST"]
[Termination "pedromartinez91 won by checkmate"]

1. d4 d5 2. Nf3 Nf6 3. c3 Bf5 4. Bg5 e6 5. Nbd2 c6 6. Nh4 Bg6 7. Nxg6 hxg6 8. e4 Be7 9. e5 Nfd7 10. Be3 c5 11. g3 Nc6 12. a3 O-O 13. h4 cxd4 14. cxd4 Qb6 15. b4 Rac8 16. Nf3 Rfd8 17. Bd3 a6 18. h5 g5 19. h6 g6 20. Kf1 g4 21. Nh2 Nf8 22. Nxg4 Nh7 23. Kg2 Kh8 24.
Rc1 Na7 25. Rxc8 Rxc8 26. Qf3 Rf8 27. Rc1 Nb5 28. Nf6 Bxf6 29. exf6 Nxa3 30. Qf4 Qxb4 31.
Qc7 Nc4 32. Bxc4 dxc4 33. Rxc4 Qb5 34. Rc5 Qd3 35. Qxb7 Nxf6 36. Qe7 Nh7 37. Bf4 Qe4+ 38. Kh2 Qf3 39. Kg1 Kg8 40. Bd6 Qd1+ 41. Kg2 Qxd4 42. Qc7 Qe4+ 43. Kh2 Re8 44. Qd7 Ra8 45. Rc8+ Nf8 46.
Rxf8+ Rxf8 47. Bxf8 Qf3 48. Bc5 Qh5+ 49. Kg1 Qxc5 50. Qe8+ Kh7 51. Qxf7+ Kxh6 52. Qxe6 a5 53. Kg2 Qb5 54. Qf7 a4 55. f4 Qc6+ 56. Kh3 Qh1+ 57. Kg4 Qh5# 0-1

[Event "*** MasterClass Titled Tuesday Blitz"]
[Site "Chess.com"]
[Date "2017.12.12"]
[Round "8"]
[White "aa175"]
[Black "AquivaRubinstein"]
[Result "0-1"]
[WhiteElo "1900"]
[BlackElo "2269"]
[TimeControl "180+2"]
[EndTime "14:54:10 PST"]
[Termination "AquivaRubinstein won by checkmate"]

1. e4 c5 2. Nf3 d6 3. d4 cxd4 4.
Nxd4 Nf6 5. Nc3 g6 6. Be3 Bg7 7. Qd2 Ng4 8. Bg5 h6 9. Bh4 Qb6 10. Nb3 Be6 11. f3 Ne5 12. f4 Nc4 13. Bxc4 Bxc4 14. O-O-O Nc6 15. e5 O-O 16. exd6 exd6 17.
Qxd6 a5 18. Qc5 Qc7 19. Qxc4 a4 20. Nd5 Qc8 21. Nb6 Qg4 22. Nc5 Qxh4 23. Nxa8 Rxa8 24. Nxb7 Qf6 25. c3 Ne7 26. Rd8+ Rxd8 27. Nxd8 a3 28. Rd1 axb2+ 29. Kxb2 Nf5 30. Qc6 Qe7 31. Qb5 Ne3 32.
Rc1 Qxd8 33. Qb3 Qd2+ 34. Kb1 Qd3+ 35. Kb2 Nc4+ 36. Ka1 Qd2 37. Rd1 Bxc3+ 38. Kb1 Na3+ 39. Qxa3 Qxd1+ 40. Qc1 Qxc1+ 41. Kxc1 Kg7 42. Kc2 Ba5 43.
Kd3 Kf6 44. Ke4 h5 45. h4 Ke6 46. g3 Be1 47. Kf3 Kf5 48. a3 Bc3 49. a4 Ba5 50. Kg2 Kg4 51. Kf2 Bb6+ 52. Kg2 Ba5 53. Kf2 Bb4 54.
Kg2 Be1 55. f5 gxf5 56. Kh1 Bxg3 57. Kg2 Bc7 58. Kg1 f4 59. Kf2 Kxh4 60. Kg2 Kg4 61. Kf2 h4 62. Kg1 h3 63. Kh1 f3 64. Kg1 Bb6+ 65. Kh2 f2 66. Kh1 f1=Q+ 67. Kh2 Qg2# 0-1

[Event "*** MasterClass Titled Tuesday Blitz"]
[Site "Chess.com"]
[Date "2017.12.12"]
[Round "8"]
[White "lucasmito"]
[Black "Sam_ChessMood"]
[Result "0-1"]
[WhiteElo "2241"]
[BlackElo "2597"]
[TimeControl "180+2"]
[EndTime "14:54:21 PST"]
[Termination "Sam_ChessMood won by resignation"]

1. e4 c5 2. Nf3 d6 3. d4 cxd4 4. Nxd4 Nf6 5. Nc3 a6 6. f3 e5 7.
Nb3 Be6 8. Be3 Be7 9. Qd2 O-O 10. O-O-O a5 11. a4 Na6 12. g4 Nb4 13. Kb1 Qc7 14. h4 Rfc8 15. h5 Rab8 16. g5 Nd7 17. g6 Nf6 18. h6 fxg6 19. hxg7 d5 20. Bh3 Bxh3 21.
Rxh3 d4 22. Nxd4 exd4 23. Bxd4 Nh5 24. Qh6 Qc6 25. Rdh1 Rd8 26. Be5 Rbc8 27. f4 Qd7 28. Rxh5 gxh5 29. Qxh5 Bh4 30. Rxh4 h6 31. Rh1 Qd2 32. Qh2 Qxh2 33. Rxh2 Rc6 34. b3 Re8 35. Kb2 Rxe5 36. fxe5 Rc5 37. Nd5 Kxg7 38. Nxb4 axb4 39.
e6 Re5 40. Rd2 Rxe6 41. Rd7+ Kf6 42. Rxb7 Rxe4 43. a5 Re5 44. a6 Ra5 45. Rxb4 Rxa6 46. c4 h5 47. Rb8 Kg5 48. Rd8 Rh6 49. Kc3 h4 50. b4 h3 51. c5 h2 52. Rd1 Kf4 53. Kc4 h1=Q 54. Rxh1 Rxh1 55. c6 Ke5 56. Kc5 Rc1+ 57. Kb6 Kd6 58. b5 Rc5 59. Ka6 Kc7 60.
Ka5 Rc1 61. Kb4 Kb6 0-1

[Event "*** MasterClass Titled Tuesday Blitz"]
[Site "Chess.com"]
[Date "2017.12.12"]
[Round "8"]
[White "RoelandPruijssers"]
[Black "Keaton87"]
[Result "0-1"]
[WhiteElo "2480"]
[BlackElo "2524"]
[TimeControl "180+2"]
[EndTime "14:55:22 PST"]
[Termination "Keaton87 won by checkmate"]

1. e4 c5 2. Nf3 d6 3. Nc3 Nf6 4. g3 g6 5. Bg2 Bg7 6. O-O O-O 7.
Re1 Nc6 8. d3 Rb8 9. a4 Bd7 10. e5 dxe5 11. Nxe5 Nxe5 12. Rxe5 b6 13. Bf4 Rc8 14. Re1 Bc6 15. Be5 Bxg2 16. Kxg2 Qd7 17. Qf3 Qc6 18. Nb5 Qxf3+ 19. Kxf3 a6 20. Nc3 e6 21. Ra3 Nd5 22. Bxg7 Kxg7 23. Nxd5 exd5 24. Re5 Rfd8 25. Rb3 Rc6 26. Re7 c4 27. Rb4 Rdd6 28. dxc4 dxc4 29. Ke2 Rd5 30. f4 Kf6 31. Re4 Rdc5 32.
g4 a5 33. Rb5 Rxb5 34. axb5 Rc5 35. Kd2 h5 36. h3 Rxb5 37. Kc3 hxg4 38. hxg4 g5 39.
f5 Re5 40. Rxc4 b5 41. Rc6+ Ke7 42. Kd3 f6 43. b3 b4 44. Ra6 Rc5 45. Kd2 Rd5+ 46.
Ke3 Rc5 47. Re6+ Kf7 48. Kd3 Kg7 49. Re7+ Kf8 50. Ra7 Rc3+ 51. Kd4 Rxc2 52. Kd5 Re2 53. Kd6 Re4 54. Rxa5 Re3 55. Ra8+ Kg7 56. Ra7+ Kh6 57. Rb7 Re4 58. Kd5 Rxg4 59. Ke6 Rg3 60. Kxf6 Rxb3 61. Rb8 Kh7 62. Rb7+ Kh6 63. Rb8 Kh7 64. Kf7 g4 65. Rg8 g3 66. Rg4 Kh6 67. f6 Kh5 68. Rg8 Rf3 69.
Ke6 b3 70. f7 b2 71. Rb8 g2 72. Rb5+ Kg4 73. Rb8 Kh3 74. Rh8+ Kg3 75. Rg8+ Kf2 76. Rb8 g1=Q 77. Rxb2+ Kg3 78. Rb8 Qe3+ 79. Kd7 Rxf7+ 80. Kc6 Qe6+ 81. Kc5 Qe5+ 82. Kc6 Qxb8 83. Kd5 Qd8+ 84. Ke6 Re7+ 85. Kf6 Qf8+ 86. Kg6 Rg7+ 87. Kh6 Qh8# 0-1

[Event "*** MasterClass Titled Tuesday Blitz"]
[Site "Chess.com"]
[Date "2017.12.12"]
[Round "8"]
[White "DrVelja"]
[Black "krzyzan94"]
[Result "1/2-1/2"]
[WhiteElo "2553"]
[BlackElo "2614"]
[TimeControl "180+2"]
[EndTime "14:55:37 PST"]
[Termination "Game drawn - insufficient material"]

1. e4 c5 2. Nf3 g6 3. d4 cxd4 4. Qxd4 Nf6 5. e5 Nc6 6. Qa4 Nd5 7. Qe4 Nb6 8. Nc3 Bg7 9. Bg5 d5 10. exd6 Qxd6 11. Rd1 Qe6 12. Qxe6 Bxe6 13. Bb5 O-O 14.
O-O Bxc3 15. bxc3 Nd5 16. Bxc6 bxc6 17. c4 Nc3 18. Bxe7 Rfe8 19. Bf6 Nxd1 20. Rxd1 Bxc4 21. Ne5 Re6 22. Nd7 Be2 23. Rd2 Bc4 24. h3 Bxa2 25. Bc3 a5 26. Nf6+ Kf8 27. Nxh7+ Ke7 28. Ng5 Rd6 29. Re2+ Kd7 30. Be5 Rd1+ 31. Kh2 a4 32.
Ne4 Bc4 33. Nc5+ Kc8 34. Re4 Rd5 35. Rxc4 Rxe5 36. Nxa4 Kc7 37. Nc5 Re2 38. Nd3 Ra2 39. c3 Rad2 40. Rd4 f5 41. Kg3 Rc2 42. Nf4 Rxc3+ 43. f3 Rb2 44. Nxg6 Rcc2 45. Nf4 c5 46. Rd1 c4 47. h4 c3 48. h5 Rd2 49. Nd5+ Kc6 50.
Nxc3 Rxg2+ 51. Kf4 Rh2 52. Kxf5 Rxh5+ 53. Kf4 Rb4+ 54.
Ne4 Rh8 55. Rd6+ Kc7 56. Rd3 Rf8+ 57. Ke5 Rb5+ 58. Rd5 Rxd5+ 59. Kxd5 Rxf3 60. Ke5 Kc6 61. Kd4 Rf4 62. Ke5 Rh4 63. Kd4 Rh5 64. Kd3 Rd5+ 65.
Ke3 Rd8 66. Kf4 Kd5 67. Nf6+ Kd4 68. Kf5 Ra8 69. Ke6 Ra6+ 70. Ke7 Rc6 71. Nd7 Kd5 72. Nf6+ Ke5 73. Nd7+ Kf5 74. Kf7 Re6 75. Nf8 Re1 76.
Nd7 Re2 77. Nf8 Ra2 78. Nd7 Ra6 79. Ke7 Re6+ 80. Kf7 Rh6 81. Ke7 Rg6 82. Kf7 Ra6 83. Ke7 Rc6 84. Kf7 Ke4 85. Ke7 Kd5 86. Nf6+ Ke5 87. Nd7+ Kf5 88. Kf7 Re6 89. Nf8 Rf6+ 90. Ke7 Rh6 91. Nd7 Rh7+ 92. Kd6 Rxd7+ 93. Kxd7 1/2-1/2

[Event "*** MasterClass Titled Tuesday Blitz"]
[Site "Chess.com"]
[Date "2017.12.12"]
[Round "8"]
[White "bascheyaro"]
[Black "florianschwabeneder"]
[Result "1-0"]
[WhiteElo "2633"]
[BlackElo "2474"]
[TimeControl "180+2"]
[EndTime "14:55:41 PST"]
[Termination "bascheyaro won on time"]

1. d4 d5 2. c4 e6 3. Nc3 Bb4 4. Bf4 dxc4 5. e3 Nf6 6. Bxc4 Nd5 7. Bxd5 exd5 8. Qa4+ Nc6 9. Nf3 O-O 10. O-O a6 11.
Qb3 Bxc3 12. bxc3 Na5 13. Qb4 Nc4 14. Ne5 a5 15. Qc5 Nxe5 16. Bxe5 c6 17. c4 Be6 18. cxd5 Qxd5 19. Rfb1 b5 20. a4 Qxc5 21. dxc5 b4 22. Rd1 Rfd8 23. Bd6 f6 24. e4 Kf7 25. f3 Ra7 26. Kf2 Rb7 27. Rab1 b3 28. Rd4 g6 29. Rb2 h5 30. Ke3 g5 31. f4 gxf4+ 32. Kxf4 Rg8 33. h3 Rxg2 34. Rxg2 b2 35. Rxb2 Rxb2 36. Bc7 Rb4 37. Rd6 Rxa4 38. Ke3 Bxh3 39. Bd8 Be6 40. Rxc6 h4 41.
Rc7+ Kg6 42. Rc6 Kf7 43. Rc7+ Kg6 44. Re7 Bf7 45. Rb7 h3 46. Rb6 h2 47. Rxf6+ Kg7 48. Rf1 Bg6 49. Bf6+ Kg8 50. Bd4 Ra3+ 51. Kf4 Ra4 52.
Ke5 Ra2 53. c6 Rc2 54. Kd5 a4 55. Bc5 Bf7+ 56. Kd6 Bh5 57. c7 Bg4 58. e5 Kh7 59. e6 Bxe6 60. Kxe6 Rxc5 61. Kd7 Rd5+ 62. Kc6 Rd2 63. Rh1 Rc2+ 64. Kb7 Rb2+ 65. Ka7 Rc2 66. Rxh2+ Rxh2 67. c8=Q Rh4 68. Qe6 Rh6 69. Qd7+ Kh8 70. Qxa4 Rh7+ 71. Kb6 Rf7 72. Qh4+ Kg7 73. Kc6 Rf6+ 74.
Kd5 Kg6 75. Qg4+ Kf7 76. Ke5 Rb6 77. Qd7+ Kg6 78. Qe8+ Kh6 79. Kf5 Ra6 80. Qe3+ Kh7 81.
Qe2 Ra5+ 82. Kf6 1-0

[Event "*** MasterClass Titled Tuesday Blitz"]
[Site "Chess.com"]
[Date "2017.12.12"]
[Round "8"]
[White "visa"]
[Black "saraswathii"]
[Result "0-1"]
[WhiteElo "2085"]
[BlackElo "2269"]
[TimeControl "180+2"]
[EndTime "14:57:49 PST"]
[Termination "saraswathii won on time"]

1. Nf3 Nf6 2. c4 g6 3. Nc3 Bg7 4. g3 d6 5. Bg2 O-O 6. O-O e5 7. d3 c6 8. Rb1 a5 9. a3 Na6 10. b4 axb4 11. axb4 Nc7 12. b5 Re8 13. bxc6 bxc6 14. Nd2 d5 15. cxd5 cxd5 16. Qb3 Be6 17.
Qb7 Qe7 18. Nb5 Nxb5 19. Qxe7 Rxe7 20. Rxb5 Ra2 21. Rb8+ Bf8 22. Nb1 Rc7 23. Bh6 Rc8 24.
Rxc8 Bxc8 25. Bxf8 Kxf8 26. Nc3 Ra5 27. Rc1 Be6 28.
Nd1 Ra2 29. Kf1 Ke7 30. Nc3 Rb2 31. Nd1 Ra2 32. Nc3 Ra5 33. Nd1 h5 34. h3 Kd6 35.
Ne3 Nd7 36. Rb1 Ra2 37. Rc1 Nc5 38. Nd1 Nb3 39. Rc3 Ra1 40. Ke1 Nd4 41. e3 Nb5 42. Rb3 Kc5 43. Kd2 d4 44. Rb2 Na3 45. e4 Nb1+ 46. Kc2 Na3+ 47. Kd2 f5 48. f4 exf4 49.
gxf4 fxe4 50. Bxe4 Bxh3 51. Bxg6 Bg4 52. Nf2 Bd7 53. Ne4+ Kc6 54. f5 Nb1+ 55. Ke2 Nc3+ 56. Nxc3 dxc3 57. Rc2 Ra3 58. f6 Kd6 59. Ke3 Ke6 60.
Kd4 Kxf6 61. Bxh5 Ra4+ 62. Kxc3 Bb5 63. Bf3 Ra3+ 64. Kd2 Rxd3+ 65. Kc1 Rxf3 66. Rc5 Bd3 67. Rc3 Ke5 68. Kd2 Kd4 69. Rc8 Rf2+ 70. Ke1 Re2+ 71. Kd1 Rh2 72. Rd8+ Ke3 73. Re8+ Be4 74. Kc1 Re2 75.
Re7 Rc2+ 76. Kd1 Ra2 77. Kc1 Kf3 78. Rf7+ Ke2 79. Re7 Kd3 80. Rd7+ Kc3 81. Rc7+ Kb3 82.
Kd1 Bd5 83. Rc5 Bc4 84. Rc8 Kc3 85. Ke1 Re2+ 86. Kd1 Re3 87. Rc7 Rh3 88. Ke1 Rh2 89. Rc8 Kd3 90. Rd8+ Ke4 91. Re8+ Kf3 92. Rf8+ Ke3 93.
Re8+ Kd3 94. Rd8+ Kc2 95. Rc8 Re2+ 96. Kf1 Re4+ 97. Kf2 Kd2 98. Kf3 Bd5 99. Kg3 Ke3 100. Rd8 Be6 101. Kg2 Rg4+ 102. Kh2 Bf5 103. Re8+ Kf2 104. Rh8 Be4 105. Rf8+ Bf3 106. Kh3 Rg5 107. Rh8 Rg1 0-1

[Event "*** MasterClass Titled Tuesday Blitz"]
[Site "Chess.com"]
[Date "2017.12.12"]
[Round "9"]
[White "kleinebeer98"]
[Black "johannesh"]
[Result "0-1"]
[WhiteElo "2501"]
[BlackElo "2324"]
[TimeControl "180+2"]
[EndTime "15:01:18 PST"]
[Termination "johannesh won by resignation"]

1. e4 e6 2. d4 d5 3. Nd2 c5 4. exd5 Qxd5 5. Ngf3 cxd4 6. Bc4 Qd8 7. O-O Nc6 8. Nb3 a6 9. a4 Qc7 10. Nbxd4 Nxd4 11. Qxd4 Nf6 12. Bf4 Qc5 13. Rad1 Bd7 14.
Rfe1 Qxd4 15. Nxd4 Be7 16. b3 O-O 17. Nf5 Bb4 18. c3 Bxc3 19. Ne7+ Kh8 20. Re3 Bb4 21. Bd6 Bxd6 22. Rxd6 Rfe8 0-1

[Event "*** MasterClass Titled Tuesday Blitz"]
[Site "Chess.com"]
[Date "2017.12.12"]
[Round "9"]
[White "Big_Fishy"]
[Black "LuisFSiles"]
[Result "1-0"]
[WhiteElo "2372"]
[BlackElo "2233"]
[TimeControl "180+2"]
[EndTime "15:02:08 PST"]
[Termination "Big_Fishy won by resignation"]

1. e4 c5 2. Nf3 d6 3. c3 Nf6 4. h3 Bd7 5. Bd3 Nc6 6. O-O g6 7.
Bc2 Bg7 8. d4 O-O 9. Re1 e5 10.
Na3 Rc8 11. Nb5 Qe7 12. dxc5 dxc5 13. Qd6 Qxd6 14. Nxd6 Rc7 15. Be3 b6 16. Red1 Ne8 17. Nb5 Rb7 18. Bb3 a6 19. Nd6 Nxd6 20. Rxd6 Rd8 21. Rad1 Bf8 22. Rxc6 Bxc6 23. Rxd8 Bxe4 24. Nxe5 1-0

[Event "*** MasterClass Titled Tuesday Blitz"]
[Site "Chess.com"]
[Date "2017.12.12"]
[Round "9"]
[White "djano"]
[Black "Veiso"]
[Result "1-0"]
[WhiteElo "2362"]
[BlackElo "2212"]
[TimeControl "180+2"]
[EndTime "15:03:03 PST"]
[Termination "djano won by resignation"]

1. Nc3 c5 2. Nf3 Nf6 3. d4 cxd4 4. Nxd4 d6 5. e4 a6 6. Rg1 e5 7. Nf5 Nxe4 8. Nxg7+ Bxg7 9. Nxe4 d5 10. Ng3 O-O 11. Nh5 f5 12. Qf3 Qh4 13. Qxd5+ Kh8 14. Nxg7 Kxg7 15. Qxe5+ Kf7 16. g3 Qxh2 17. Bc4+ Kg6 18. Rf1 Bd7 19. Be3 f4 20. gxf4 Bg4 21. f5+ 1-0

[Event "*** MasterClass Titled Tuesday Blitz"]
[Site "Chess.com"]
[Date "2017.12.12"]
[Round "9"]
[White "FearNoEvil12"]
[Black "nurmiTV"]
[Result "0-1"]
[WhiteElo "2049"]
[BlackElo "2436"]
[TimeControl "180+2"]
[EndTime "15:03:32 PST"]
[Termination "nurmiTV won by checkmate"]

1. e4 c5 2. Nc3 e6 3. f4 Nc6 4. Nf3 d5 5. Bb5 Ne7 6. Qe2 a6 7. Bxc6+ bxc6 8. O-O g6 9. d3 Bg7 10. Bd2 Rb8 11. b3 O-O 12. Rae1 a5 13. a4 Ba6 14. Nd1 c4 15. bxc4 dxc4 16. dxc4 c5 17. e5 Nf5 18. Ne3 Nd4 19. Nxd4 cxd4 20. Ng4 Rb2 21. Qd3 Qb6 22. Re4 Rd8 23. Nf6+ Bxf6 24. exf6 Bb7 25. Re2 Bc6 26. f5 exf5 27. Rxf5 Bxa4 28. Bxa5 Qd6 29. Bxd8 gxf5 30. Re8+ Bxe8 31. Be7 Rb1+ 32. Kf2 Qf4+ 33. Ke2 Qf1+ 34.
Kd2 Qe1# 0-1

[Event "*** MasterClass Titled Tuesday Blitz"]
[Site "Chess.com"]
[Date "2017.12.12"]
[Round "9"]
[White "truki"]
[Black "BartoszSocko"]
[Result "0-1"]
[WhiteElo "2209"]
[BlackElo "2524"]
[TimeControl "180+2"]
[EndTime "15:03:34 PST"]
[Termination "BartoszSocko won by resignation"]

1. d4 e6 2. c4 Nf6 3. Nf3 Bb4+ 4. Bd2 c5 5. Bxb4 cxb4 6. a3 bxa3 7. b4 Nc6 8. b5 Qa5+ 9. Nbd2 Nb4 10. Qb3 d5 11. e3 O-O 12. Be2 dxc4 13. Bxc4 Bd7 14. O-O a2 15. Ne5 Bxb5 16. Bxb5 Qxb5 17. Rxa2 Rfc8 18. Rb1 a5 19. h3 Nfd5 20. Ne4 a4 21.
Qa3 Qa5 22. Nd6 Nxa2 23. Qxa2 Nc3 24. Qa1 Nxb1 25. Qxb1 Rc7 0-1